 Dungeon Crawl Stone Soup version 0.18-a0-1193-gb7aa92a (webtiles) character file.

212 RedPan the Conjurer (level 5, -1/38 HPs)
             Began as a Draconian Conjurer on Jan 29, 2016.
             Was a Follower of Vehumet.
             Killed from afar by Blork the orc (11 damage)
             ... with a puff of frost
             ... on level 2 of the Dungeon.
             The game lasted 00:10:22 (3193 turns).

RedPan the Conjurer (Draconian Conjurer)            Turns: 3193, Time: 00:10:22

Health: -1/38      AC:  5    Str: 11    XL:     5   Next: 58%
Magic:  6/8        EV: 12    Int: 16    God:    Vehumet [*.....]
Gold:   175        SH:  0    Dex: 11    Spells: 2 memorised, 4 levels left

rFire  . . .     SeeInvis .     i - +1 long sword
rCold  . . .     Gourm    .     (armour unavailable)
rNeg   . . .     Faith    .     (no shield)
rPois  .         Spirit   .     (helmet restricted)
rElec  .         Dismiss  .     (no cloak)
rCorr  .         Reflect  .     (no gloves)
SustAt .         Harm     .     (no boots)
MR     .....                    (no amulet)
Stlth  ++........               (no ring)
                                (no ring)

@: not resistant to hostile enchantments, unstealthy
A: unfitting armour, cold-blooded, AC +5
a: Renounce Religion


You were on level 2 of the Dungeon.
You worshipped Vehumet.
Vehumet was aware of your devotion.
You were not hungry.

You visited 1 branch of the dungeon, and saw 4 of its levels.

You collected 175 gold pieces.

Inventory:

Hand Weapons
 i - a +1 long sword (weapon)
Scrolls
 d - 2 scrolls of identify
 j - 2 scrolls of enchant armour
Potions
 e - a potion of agility
 h - a potion of resistance
 k - a potion of haste {unknown}
 l - a potion of mutation {unknown}
 o - a potion of cancellation {unknown}
 q - a potion of magic {unknown}
Books
 a - a book of Conjurations

   Spells                             Type                      Level
   a - Magic Dart                     Conjuration                  1
   b - Searing Ray                    Conjuration                  2
   c - Dazzling Spray                 Conjuration/Hexes            3
   d - Fulminant Prism                Conjuration/Hexes            4
   e - Iskenderun's Mystic Blast      Conjuration                  4
   f - Iskenderun's Battlesphere      Conjuration/Charms           5
 c - a Young Poisoner's Handbook

   Spells                             Type                      Level
   a - Sting                          Conjuration/Poison           1
   b - Cure Poison                    Poison                       2
   c - Mephitic Cloud                 Conjuration/Poison/Air       3
   d - Olgreb's Toxic Radiance        Poison                       4
   e - Venom Bolt                     Conjuration/Poison           5
Comestibles
 b - 3 bread rations
 g - 2 meat rations
 m - a slice of pizza
 n - 12 fruits
 p - a chunk of flesh


   Skills:
 - Level 1.7 Dodging
 - Level 1.7 Stealth
 - Level 2.0 Spellcasting
 + Level 6.9 Conjurations


You had 4 spell levels left.
You knew the following spells:

 Your Spells              Type           Power        Failure   Level  Hunger
a - Magic Dart            Conj           ###.         1%          1    #......
b - Mephitic Cloud        Conj/Pois/Air  #.......     28%         3    ###....


Dungeon Overview and Level Annotations

Branches:
Dungeon (4/15)
 Temple: D:4-7

Altars:
Okawaru
Pakellas
Vehumet

Annotations:
D:2 Blork the orc


Innate Abilities, Weirdness & Mutations

Your plain brown scales are hard (AC +5).
Your body does not fit into most forms of armour.
You are cold-blooded and may be slowed by cold attacks.


Message History

Blork the orc gestures at you while chanting.
The magic dart hits you!
* * * LOW HITPOINT WARNING * * *
You start to feel less resistant.
Blork the orc points at you and mumbles some strange words.
The puff of frost hits you! You resist.
* * * LOW HITPOINT WARNING * * *
Your resistance to elements expires.
Blork the orc screams, "I don't like you!"
There is a stone staircase leading up here.
Blork the orc barely misses you.
You climb upwards.
There is a stone staircase leading down here.
You can't go up here!
Blork the orc looks braver for a moment.
Blork the orc casts a spell.
Blork the orc seems to speed up.
Blork the orc points at you and mumbles some strange words.
The puff of frost hits you!
You die...

#.# ##.##.######.###.#
#.# #.##.# #.# #.# #.#
#.##.## #.# #.. #.#
#.....# #)# #.. #.#
####..# #.# #.. #.# #..#
#.# #.. #.#
##########..# ##.# #..
#.# ##...........# #..#
#.. #.#
#......@...o.####.####).
#.#
#..#########.#.......#..
#.# #..# #.#.#####.#..
#.# #..# #######>#.#
#.#.. #.# #..#
#........># #.... ##.#
#..# #.####....# #.##.
##.#######.)# #.#
#....#####....
............# #.#
#..........###
...########.# #.#
##.####.####


You could see Blork the orc.

Vanquished Creatures
  An orc priest (D:4)
  2 orc wizards (D:3)
  A centaur skeleton (D:3)
  3 adders (D:2)
  2 worms
  3 giant geckos (D:2)
  6 orcs (D:3)
  2 ball pythons
  4 giant cockroaches
  12 goblins
  7 hobgoblins
  6 bats
  A giant gecko skeleton (D:4)
  A giant newt (D:3)
  5 kobolds
  5 rats
61 creatures vanquished.

Notes
Turn   | Place    | Note
--------------------------------------------------------------
     0 | D:1      | RedPan the Draconian Conjurer began the quest for the Orb.
     0 | D:1      | Reached XP level 1. HP: 14/14 MP: 3/3
   287 | D:1      | Reached XP level 2. HP: 20/20 MP: 0/5
  1023 | D:2      | Found an oddly glowing altar of Pakellas.
  1067 | D:2      | Found a radiant altar of Vehumet.
  1075 | D:2      | Became a worshipper of Vehumet
  1108 | D:2      | Reached skill level 5 in Conjurations
  1166 | D:2      | Reached XP level 3. HP: 26/26 MP: 0/6
  1725 | D:2      | Reached XP level 4. HP: 33/33 MP: 7/7
  1752 | D:2      | Reached * piety under Vehumet
  1752 | D:2      | Offered knowledge of Sandblast by Vehumet.
  2231 | D:3      | Found an iron altar of Okawaru.
  2308 | D:3      | Learned a level 3 spell: Mephitic Cloud
  2466 | D:3      | Reached skill level 6 in Conjurations
  2647 | D:3      | Reached XP level 5. HP: 34/38 MP: 0/8
  3153 | D:4      | Noticed Blork the orc
  3193 | D:2      | Killed from afar by Blork the orc

Vault maps used:
D:1:      dpeg_arrival_stone_temple_mockup, hangedman_decor_diamond_cutter
D:2:      vehumet_crystals, grunt_pakellas_basics
D:3:      kennysheep_okawaru_gauntlet, guppyfry_early_lair_pool
D:4:      lemuel_castle_with_subvaults, temple_fountains, first_bread,
          uniq_blork_the_orc

Action                   |  1- 3 |  4- 6 || total
-------------------------+-------+-------++-------
Melee: Unarmed           |     5 |       ||     5
       Long sword        |    39 |    30 ||    69
 Cast: Magic Dart        |    55 |    50 ||   105
       Mephitic Cloud    |       |     2 ||     2
  Use: Scroll            |       |     6 ||     6
       Potion            |       |     2 ||     2
 Stab: Sleeping          |       |     1 ||     1
  Eat: Chunk             |     3 |     6 ||     9
